Map: Lerilakgipfel

Players

Dziurdziol

  • Race: Zerg Zerg
  • League: Platinum

Einstein - Winner!

  • Race: Terran Terran
  • League: Gold

VOD

Have the link to the VOD?

Description

Time

  • Played on: Dec. 10, 2015, 1:53 p.m.
  • Length: 6:15
Show
View Real Time Build Order
Export as new Build Order

Dziurdziol Zerg 

Build Orders: Hatch First 

Get SALT Encoding   

  12  0:01  Drone  
  13  0:08  Drone  
  14  0:16  Overlord  
  14  0:25  Drone, Extractor  
  15  0:36  Drone x2  
  17  0:57  Hatchery  
  17  0:58  Drone  
  17  1:03  Drone  
  18  1:06  Drone  
  19  1:13  Extractor  
  18  1:18  Spawning Pool  
  18  1:22  Drone  
  18  1:27  Drone  
  19  1:38  Drone  
  20  1:48  Overlord  
  20  2:00  Drone  
  21  2:11  Queen  
  21  2:12  Queen  
  25  2:22  Zergling x6  
  28  2:23  Zergling x2  
  29  2:31  Drone  
  29  2:36  Spore Crawler  
  28  3:04  Baneling Nest  
  27  3:08  Drone x2  
  27  3:09  Drone x4  
  33  3:20  Queen  
  33  3:24  Overlord x2  
  33  3:25  Overlord  
  35  3:35  Metabolic Boost  
  35  3:39  Drone  
  35  3:41  Overlord  
  36  3:42  Queen  
  36  4:17  Zergling x16  
  44  4:26  Drone  
  45  4:32  Baneling Nest  
  45  4:34  Lair  
  44  4:42  Drone  
  44  4:43  Drone x5  
  51  4:58  Zergling x8  
  55  5:03  Drone  
  55  5:04  Drone  
  57  5:20  Hatchery  
  56  5:22  Hatchery  
  55  5:30  Zergling x10  
  55  5:31  Drone x3  
  55  5:34  Extractor  
  62  5:37  Extractor  
  57  5:46  Zergling x10  
  52  5:53  Zergling x2  
  52  5:54  Zergling x2  
Show
View Real Time Build Order
Export as new Build Order

Einstein Terran - Winner!

Build Orders: Reaper Expand 

Get SALT Encoding   

  12  0:01  SCV  
  13  0:13  SCV  
  14  0:17  Supply Depot  
  14  0:25  SCV  
  15  0:39  SCV, Barracks  
  16  0:51  SCV, Refinery  
  17  1:03  SCV  
  18  1:15  SCV  
  19  1:27  Orbital Command  
  19  1:35  Reaper  
  20  1:48  Command Center  
  20  1:55  SCV  
  21  2:12  Factory  
  21  2:17  SCV  
  21  2:19  Refinery  
  22  2:24  Supply Depot  
  22  2:30  Barracks Reactor  
  22  3:06  Ghost Academy  
  22  3:07  SCV  
  23  3:14  Orbital Command  
  23  3:18  Hellion x2  
  23  3:19  SCV  
  28  3:23  Barracks Tech Lab  
  28  3:32  SCV  
  29  3:37  Armory  
  29  3:40  Hellion x2  
  33  3:42  Ghost  
  33  3:45  SCV x2  
  37  3:56  Starport  
  37  3:57  SCV x2  
  38  4:12  Hellion x2  
  38  4:15  SCV x2  
  44  4:25  Supply Depot, Ghost  
  46  4:46  Supply Depot  
  46  4:47  SCV, Hellion x2, Medivac  
  53  4:58  Ghost  
  55  5:01  Refinery  
  55  5:09  Hellion  
  57  5:17  Medivac  
  57  5:19  SCV  
  57  5:20  SCV  
  61  5:33  SCV x2, Engineering Bay  
  63  5:39  Hellion x2  
  63  5:40  Ghost  
Tags
 
Add a new tag
Caveats
  • Supply blocks, unpowered buildings, or Contaminate may cause inaccurate times.
  • Supply counts are checked every 10 seconds.